 Dungeon Crawl Stone Soup version 0.21.1-1-g345015f (webtiles) character file.

115 yevrey the Ruffian (level 4, -1/37 HPs)
             Began as a Draconian Transmuter on May 7, 2018.
             Killed from afar by Sigmund (5 damage)
             ... with a puff of flame
             ... on level 3 of the Dungeon.
             The game lasted 00:05:19 (1650 turns).

yevrey the Ruffian (Draconian Transmuter)           Turns: 1650, Time: 00:05:20

Health: -1/37      AC:  2    Str: 12    XL:     4   Next: 68%
Magic:  0/7        EV: 19    Int: 15    God:
Gold:   73         SH:  0    Dex: 16    Spells: 2/8 levels left

rFire    . . .     SeeInvis .     - Unarmed
rCold    . . .     Gourm    .   (shield currently unavailable)
rNeg     . . .     Faith    .   (armour unavailable)
rPois    x         Spirit   .   (helmet currently unavailable)
rElec    .         Reflect  .   (cloak currently unavailable)
rCorr    .         Harm     .   (gloves currently unavailable)
MR       .....                  (boots currently unavailable)
Stlth    +.........             (no amulet)
HPRegen  0.12/turn              (no ring)
MPRegen  0.10/turn              (no ring)

@: spider-form, very slightly contaminated
A: tiny, unfitting armour, AC +5
a: End Transformation


You were on level 3 of the Dungeon.
You were not hungry.
You were a venomous arachnid creature.
You visited 1 branch of the dungeon, and saw 4 of its levels.

You collected 73 gold pieces.

Inventory:

Missiles
 a - 40 arrows
Armour
 l - a cursed +0 robe
 o - the +2 helmet of Yggawey {*Contam rN+ Int+4 Dex+4, unknown}
   (You found it on level 4 of the Dungeon)

   It affects your intelligence (+4).
   It affects your dexterity (+4).
   It protects you from negative energy.
   It causes magical contamination when unequipped.
Jewellery
 m - an uncursed amulet of rage {unknown}
 q - an uncursed ring of protection from fire {unknown}
Scrolls
 e - 2 scrolls of teleportation {unknown}
 g - 4 scrolls of remove curse
 h - a scroll of immolation {unknown}
 i - 4 scrolls of identify {unknown}
 k - a scroll of blinking {unknown}
 r - a scroll of magic mapping {unknown}
Potions
 d - 2 potions of ambrosia {unknown}
 f - 2 potions of flight {unknown}
 j - a potion of degeneration {unknown}
 p - a potion of agility {unknown}
 s - a potion of lignification {unknown}
Books
 b - a book of Changes

   Spells                             Type                      Level
   a - Beastly Appendage              Transmutation                1
   b - Sticks to Snakes               Transmutation                2
   c - Spider Form                    Transmutation/Poison         3
   d - Ice Form                       Ice/Transmutation            4
   e - Blade Hands                    Transmutation                5
Comestibles
 c - 3 rations
 n - 4 chunks of flesh


   Skills:
 * Level 2.3 Fighting
 - Level 1.7 Dodging
 + Level 4.1 Unarmed Combat
 + Level 2.5 Spellcasting
 + Level 2.6 Transmutations
 * Level 1.1 Poison Magic


You had 2 spell levels left.
You knew the following spells:

 Your Spells              Type           Power        Failure   Level  Hunger
a - Beastly Appendage     Tmut           #.....       19%         1    #......
b - Sticks to Snakes      Tmut           #.......     26%         2    ###....
c - Spider Form           Tmut/Pois      #.........   50%         3    ###....


Dungeon Overview and Level Annotations

Branches:
Dungeon (4/15)
 Temple: D:4-7

Altars:
Ashenzari

Annotations:
D:3 Sigmund


Innate Abilities, Weirdness & Mutations

((Your plain brown scales are hard. (AC +5)))
You cannot fit into any form of body armour.
((You are cold-blooded and may be slowed by cold attacks.))


Message History

You bite Sigmund!
Sigmund is moderately wounded.
Sigmund casts a spell at you. The puff of flame misses you.
You hit Sigmund.
Sigmund is heavily wounded.
Sigmund gestures at you while chanting. The magic dart hits you!
* * * LOW HITPOINT WARNING * * *
You bite Sigmund!
Sigmund is poisoned.
Sigmund is severely wounded.
Sigmund hits you with a vampiric scythe.
* * * LOW HITPOINT WARNING * * *
Sigmund draws strength from your wounds!
Okay, then.
You hit Sigmund but do no damage.
Sigmund looks as sick as possible!
Sigmund is severely wounded.
Sigmund points at you and mumbles some strange words.
The puff of flame hits you!
You die...

@.....# #..# .....
...# ..... .###..# ...
#####.. #..# ...
....#. ###..# #.#
#........ #.# #.#.#..#
#########@###.#.#..###
........s............#
...........##.#.#..#.#
#
#########..........#.#
# #####.#.#.##.##.#
#.#.........#
#.###.##.####
#.###.##.####
#............
#.####.#.####


You could see Sigmund.

Vanquished Creatures
  An orc wizard (D:3)
  An iguana (D:4)
  An adder (D:2)
  An ooze (D:1)
  2 orcs (D:3)
  3 ball pythons
  A giant cockroach (D:3)
  6 goblins
  8 hobgoblins
  4 jackals (D:1)
  3 kobolds
  6 bats
  A frilled lizard (D:1)
  4 rats (D:2)
42 creatures vanquished.

Notes
Turn   | Place    | Note
-------+----------+-------------------------------------------
     0 | D:1      | yevrey the Draconian Transmuter began the quest for the Orb.
     0 | D:1      | Reached XP level 1. HP: 16/16 MP: 3/3
   116 | D:1      | Reached XP level 2. HP: 19/23 MP: 3/5
   137 | D:1      | Learned a level 2 spell: Sticks to Snakes
   748 | D:2      | Found a shattered altar of Ashenzari.
   854 | D:1      | Reached XP level 3. HP: 27/29 MP: 4/6
   863 | D:1      | Learned a level 3 spell: Spider Form
  1332 | D:3      | Reached XP level 4. HP: 31/36 MP: 4/7
  1405 | D:4      | Reached skill level 4 in Unarmed Combat
  1405 | D:4      | Reached skill level 1 in Poison Magic
  1415 | D:4      | Got a distressingly furry helmet
  1637 | D:3      | Noticed Sigmund
  1650 | D:3      | Killed from afar by Sigmund

Skill      XL: |  1  2  3  4 |
---------------+-------------+-----
Fighting       | 2 |  2.3
Unarmed Combat | 4 |  4.1
Poison Magic   | 1 |  1.1
Dodging        | |  1.7
Spellcasting   | |  2.5
Transmutations | |  2.6

Action                   |  1- 3 |  4- 6 || total
-------------------------+-------+-------++-------
Melee: Unarmed           |    95 |    29 ||   124
       Kick              |     7 |       ||     7
       Headbutt          |     6 |       ||     6
       Tailslap          |     4 |     2 ||     6
 Cast: Beastly Appendage |    13 |       ||    13
       Sticks to Snakes  |     2 |       ||     2
       Spider Form       |     3 |     5 ||     8
  Use: Scroll            |       |     1 ||     1
  Eat: Chunk             |     1 |     3 ||     4
Armor: Skin              |    26 |    10 ||    36
Dodge: Dodged            |    87 |    24 ||   111
